 Dungeon Crawl Stone Soup version 0.29.1-12-g30fa7ad0bf (webtiles) character file.

Game seed: 12229373974394038899

149 sneakypete the Chopper (level 5, -5/37 (39) HPs)
             Began as a Demonspawn Gladiator on Jan 13, 2023.
             Was a Priest of Lugonu.
             Slain by a wight
             ... wielding a +5 war axe
              (11 damage)
             ... on level 6 of the Dungeon.
             The game lasted 00:15:08 (2973 turns).

sneakypete the Chopper (Demonspawn Gladiator)       Turns: 2973, Time: 00:15:09

HP:   -5/37 (39)    AC:  7    Str: 17    XL:     5   Next: 9%
MP:   5/5           EV: 10    Int:  9    God:    Lugonu [***...]
Gold: 138           SH:  0    Dex: 14    Spells: 4/4 levels left

rFire   . . .      SeeInvis .   a - +1 war axe
rCold   . . .      Faith    .   (no shield)
rNeg    . . .      Spirit   .   k - +1 scale mail
rPois   .          Reflect  .   (helmet restricted)
rElec   .          Harm     .   (no cloak)
rCorr   .          Rampage  .   (no gloves)
Will    .....                   (no boots)
Stlth   ..........              (no amulet)
HPRegen 0.12/turn               (no ring)
MPRegen 0.09/turn               (no ring)

@: drained
A: horns 1
a: Renounce Religion, Depart the Abyss, Bend Space, Banish


You were on level 6 of the Dungeon.
You worshipped Lugonu.
Lugonu was most pleased with you.
You visited 1 branch of the dungeon, and saw 5 of its levels.

You collected 138 gold pieces.

Inventory:

Hand Weapons
 a - a +1 war axe (weapon)
 n - a +0 spear of freezing
Missiles
 d - 2 throwing nets (quivered)
 e - a javelin
Armour
 k - a +1 scale mail (worn)
Magical Staves
 h - a staff of air
Jewellery
 p - a ring of poison resistance
Scrolls
 g - 2 scrolls of fear
 j - 6 scrolls of identify
Potions
 b - 3 potions of lignification
 o - a potion of brilliance {unknown}
 t - a potion of curing {unknown}


   Skills:
 + Level 2.5 Fighting
 + Level 4.0 Axes
 + Level 0.3(2.4) Polearms
 + Level 1.9 Throwing
 + Level 1.9 Armour
 + Level 3.1 Dodging
 + Level 0.4 Stealth


You had 4 spell levels left.
You didn't know any spells.
Your spell library contained the following spells:

 Spells                   Type           Power      Damage    Failure   Level
 Sublimation of Blood     Necr           0%         N/A       91%         2
 Dazzling Flash           Conj/Hex       0%         N/A       99%         3
 Iskenderun's Mystic Bla  Conj/Tloc      0%         2d3       100%        4
 Petrify                  Tmut/Erth      0%         N/A       100%        4
 Irradiate                Conj/Tmut      0%         3d11      100%        5
 Starburst                Conj/Fire      0%         6d3       100%        6


Dungeon Overview and Level Annotations

Branches:
Dungeon (4/15)
 Temple: D:4-7

Altars:
Lugonu

Shops:
D:1 :


Innate Abilities, Weirdness & Mutations

You have a pair of small horns on your head.


Message History

You have reached level 5!
b - 3 potions of lignification (gained 2)
You start resting.
HP restored.
You now have 138 gold pieces (gained 9).
A goblin comes into view. It is wielding a +0 club.
A sourceless malevolence fills the Dungeon...
You fall into a shaft and drop 2 floors!
The shaft crumbles and collapses.
A white imp comes into view.
The white imp shouts!
The white imp gestures at you. The puff of frost hits you.
The white imp gestures at you. The puff of frost hits you.
You hit the white imp.
The white imp is moderately wounded.
The white imp hits you but does no damage.
You hit the white imp.
The white imp is heavily wounded.
The white imp closely misses you.
You hit the white imp.
The white imp is almost dead.
The white imp gestures at you. The puff of frost hits you!
You slash the white imp!
You kill the white imp!
Lugonu accepts your kill.
Your Axes skill increases to level 4!
A wight comes into view. It is wielding a +5 war axe.
The wight hits you with a +5 war axe!
You feel drained.
* * * LOW HITPOINT WARNING * * *
Okay, then.
You can't see any enemies this would affect, really read the scroll of fear? [Y]es or [N]o only, please.
You can't see any enemies this would affect, really read the scroll of fear?
Okay, then.
You closely miss the wight. Your headbutt misses the wight.
The wight hits you with a +5 war axe!
You die...

..# #.# #.#
#.# #.#
.######.###
.......z..#
#@#.#
######.#.#
#......#.#
#.######.#
#.######.#####
#............#
########.###.#
#.# #.#


You could see a wight.

Vanquished Creatures
  A necrophage (D:4)
  2 adders (D:2)
  A white imp (D:6)
  An ufetubus (D:3)
  A worm (D:2)
  A dart slug (D:2)
  5 endoplasms
  3 giant cockroaches (D:1)
  4 goblins
  6 hobgoblins
  8 kobolds
  A quokka (D:3)
  5 ball pythons
  8 bats
  4 frilled lizards
  4 rats
55 creatures vanquished.

Vanquished Creatures (others)
  A fungus (D:1)
1 creature vanquished.

Grand Total: 56 creatures vanquished

Notes
Turn   | Place    | Note
-------+----------+-------------------------------------------
     0 | D:1      | sneakypete the Demonspawn Gladiator began the quest for the
                  | Orb.
     0 | D:1      | Reached XP level 1. HP: 16/16 MP: 1/1
   210 | D:1      | Found Azape's Book Shoppe.
   384 | D:1      | Reached skill level 3 in Axes
   385 | D:1      | Gained mutation: You have a pair of small horns on your
                  | head. [demonic ancestry]
   385 | D:1      | Reached XP level 2. HP: 21/22 MP: 2/2
   764 | D:1      | Found a faded altar of an unknown god.
   769 | D:1      | Prayed at the altar of an unknown god.
   769 | D:1      | Became a worshipper of Lugonu the Unformed
   769 | D:1      | Reached * piety under Lugonu
   769 | D:1      | Reached ** piety under Lugonu
  1488 | D:2      | Reached XP level 3. HP: 27/27 MP: 3/3
  2165 | D:3      | Reached XP level 4. HP: 34/34 MP: 4/4
  2278 | D:3      | Reached *** piety under Lugonu
  2340 | D:3      | Reached skill level 1 in Armour
  2820 | D:4      | Noticed a necrophage
  2832 | D:4      | Killed a necrophage
  2833 | D:4      | Reached XP level 5. HP: 27/39 MP: 5/5
  2933 | D:4      | You fall into a shaft and drop 2 floors!
  2968 | D:6      | Reached skill level 4 in Axes
  2973 | D:6      | Slain by a wight

Illustrated notes

Levels and vault maps discovered:
D:1:      lemuel_arrival_river_ford, layout_basic, serial_shops,
          nicolae_square_shop, shapermc_ecumenical_altar_acropolis
D:2:      layout_rooms, kennysheep_crisscross, minmay_split_cup_large
D:3:      layout_rooms
D:4:      gammafunk_wand_slinger, layout_basic, okawaru_altar_gauntlet_db,
          kennysheep_potato, uniq_ijyb, uniq_pikel, uniq_natasha, uniq_robin
D:6:      layout_loops_ring, nicolae_gozag_zags_fifth_avenue,
          minmay_temple_entry_junction, uniq_prince_ribbit1, uniq_duvessa

Skill      XL: |  1  2  3  4  5 |
---------------+----------------+-----
Axes           | 3 4 |  4.0
Dodging        | 3 |  3.1
Armour         | 1 |  1.9
Fighting       | |  2.5
Polearms       | |  0.3
Throwing       | |  1.9
Stealth        | |  0.4

Action                   |  1- 3 |  4- 6 || total
-------------------------+-------+-------++-------
Melee: War axe           |    74 |    32 ||   106
       Headbutt          |     8 |     3 ||    11
       Spear             |    29 |     5 ||    34
       Punch             |     2 |     1 ||     3
       Staff             |       |     2 ||     2
Throw: Throwing net      |       |     1 ||     1
  Use: Scroll            |       |    10 ||    10
Armor: Leather armour    |    19 |       ||    19
       Scale mail        |    25 |    32 ||    57
Dodge: Dodged            |    88 |    33 ||   121
